 Dungeon Sprint DCSS version 0.26-a0-665-gefeb406119 (webtiles) character file.

Game seed: 385516086081755122

27176 jesuscristo the Executioner (level 13, -6/126 HPs)
             Began as a Minotaur Berserker on Oct 15, 2020.
             Was the Champion of Trog.
             Mangled by the 27-headed Lernaean hydra (9 damage)
             ... in the Dungeon (Sprint I: "Red Sonja").
             The game lasted 00:30:22 (4943 turns).

jesuscristo the Executioner (Minotaur Berserker)    Turns: 4943, Time: 00:30:23

Health: -6/126     AC: 21    Str: 26    XL:     13   Next: 2%
Magic:  12/12      EV: 14    Int:  4    God:    Trog [******]
Gold:   1764       SH:  0    Dex: 11    Spells: 12/12 levels left

rFire    + . .     SeeInvis +   w - +2 battleaxe (flame)
rCold    . . .     Faith    .   (shield currently unavailable)
rNeg     . . .     Spirit   .   j - +0 plate armour {rF+}
rPois    .         Reflect  .   m - +1 hat {SInv}
rElec    .         Harm     .   t - +0 cloak
rCorr    .         Rampage  .   u - +0 pair of gloves
MR       .....     NoTele   +   (no boots)
Stlth    ..........             (no amulet)
HPRegen  0.31/turn              (no ring)
MPRegen  0.13/turn              (no ring)

@: very slow
A: retaliatory headbutt, horns 2
a: Berserk, Trog's Hand, Brothers in Arms, Renounce Religion


You were in the Dungeon.
You worshipped Trog.
Trog was exalted by your worship.
You visited 1 branch You collected 4039 gold pieces.
You spent 2275 gold pieces at shops.

Inventory:

Hand Weapons
 a - the +8 battleaxe "Peem" {vorpal, +Fly rN++ Int+8 Dex-5}
   (Trog gifted it to you in the Dungeon)

   It inflicts extra damage upon your enemies.
   It affects your intelligence (+8).
   It affects your dexterity (-5).
   It greatly protects you from negative energy.
   It lets you fly.
 b - a +3 vorpal executioner's axe
 v - a +2 broad axe of electrocution
 w - a +2 battleaxe of flaming (weapon)
 y - a +2 antimagic war axe
Missiles
 l - a curare-tipped dart (quivered)
 s - 12 poisoned darts
 D - 7 javelins
Armour
 i - +0 shadow dragon scales
 j - a +0 plate armour of fire resistance (worn)
 m - a +1 hat of see invisible (worn)
 t - a +0 cloak (worn)
 u - a +0 pair of gloves (worn)
 z - a +4 plate armour of cold resistance
Jewellery
 k - an uncursed ring of fire
Wands
 A - a wand of digging (3)
Scrolls
 o - a scroll of enchant weapon
 q - 2 scrolls of remove curse
Potions
 c - 4 potions of curing
 d - a potion of heal wounds
 e - a potion of resistance
 f - 2 potions of magic
 g - a potion of berserk rage
 p - a potion of might
 x - a potion of flight
 C - a potion of stabbing {unknown}
Miscellaneous
 n - a condenser vane (2/2)
 r - a box of beasts (3/3)


   Skills:
 - Level 15.0 Fighting
 - Level 26.0 Axes
 - Level 6.0 Throwing
 - Level 15.0 Armour
 - Level 15.0 Dodging
 * Level 6.5 Evocations


You had 12 spell levels left.
You didn't know any spells.
Your spell library was empty.

Dungeon Overview and Level Annotations

Branches:
Dungeon (1/1)

Altars:
Cheibriados
Dithmenos
Elyvilon
Fedhas
Gozag
Hepliaklqana
Kikubaaqudgha
Makhleb
Nemelex Xobeh
Okawaru
Qazlal
Ru
Sif Muna
Trog
Uskayaw
Vehumet
Wu Jian
Xom
Yredelemnul
Zin
The Shining One
Jiyva
Lugonu

Shops:
D :[(*(?:([[(*!??[}?

Annotations:
D Lernaean hydra, Tiamat


Innate Abilities, Weirdness & Mutations

You reflexively headbutt those who attack you in melee.
You have a pair of horns on your head.


Message History

Okay, then.
You feel much better.
You recover from your berserk rage.
The 27-headed Lernaean hydra bites you but does no damage.
The 27-headed Lernaean hydra bites you.
* * * LOW HITPOINT WARNING * * *
The 27-headed Lernaean hydra bites you.
* * * LOW HITPOINT WARNING * * *
The 27-headed Lernaean hydra closely misses you.
The 27-headed Lernaean hydra completely misses you.
The 27-headed Lernaean hydra misses you.
The 27-headed Lernaean hydra bites you!
* * * LOW HITPOINT WARNING * * *
The 27-headed Lernaean hydra bites you!
* * * LOW HITPOINT WARNING * * *
The 27-headed Lernaean hydra bites you!
* * * LOW HITPOINT WARNING * * *
The 27-headed Lernaean hydra bites you but does no damage. x2
The 27-headed Lernaean hydra bites you!
You die...

###○○###..#)###..≈#.§.§§§§...#,,*
####..###.).#.≈..##.^§..§§§..##,*
#..#..#.###)#.≈..#......§..§..#,*
#°°...°...#.###..#....§§.§§...#,*
#°○.......#.#,+..##...§§^^...##,*
'.°....####'#^##'##...§......#,,*
##...###....#,#≈≈≈##.§......##,,*
.#####...####,#≈≈≈≈##§.(.[(##,,,*
.......###^,^^#≈@D≈≈########,,,,*
...#####,,,^**##C≈≈≈#≈≈≈≈≈*,,,,,*
..##,,,,,,,,*,,#+≈≈≈'≈≈.≈≈',,,,,*
.##,,,^,,,,,*,,,*#≈≈#≈≈≈≈≈*≈≈≈,,*
.#,,,,,,,,,,*,,,,*#####'*****≈≈≈*
##****^,,^,^*,,,,*≈≈≈≈≈≈≈≈≈≈**≈≈*
≈≈≈≈.*^,,^,,*******≈≈≈≈≈≈≈≈≈≈≈≈≈*
#####*,,,^,,+,,*,,+,,,≈≈≈≈≈≈≈*≈≈*
.+^^,,^,^^,^*,,+,,*,,,,,,,,≈≈≈*≈*


You could see the 27-headed Lernaean hydra and a friendly stone giant (summoned,
berserk).

Vanquished Creatures
  A golden dragon (D)
  A shadow dragon (D)
  A daeva (D)
  3 fire giants (D)
  A deep elf annihilator (D)
  A lorocyproca (D)
  A mummy priest (D)
  A hydra (D)
  2 centaur warriors (D)
  Sonja (D)
  A deep troll (D)
  7 unseen horrors (D)
  A lindwurm (D)
  2 oklob plants (D)
  2 merfolk sirens (D)
  A gargoyle (D)
  2 kobold demonologists (D)
  4 demonic crawlers (D)
  A hellwing (D)
  A meliai (D)
  3 hornets (D)
  A slime creature (D)
  2 redbacks (D)
  A yak (D)
  Sigmund (D)
  13 hogs (D)
  3 floating eyes (D)
  7 necrophages (D)
  An ogre (D)
  8 jellies (D)
  Ijyb (D)
76 creatures vanquished.

Vanquished Creatures (collateral kills)
  A fire giant (D)
1 creature vanquished.

Vanquished Creatures (others)
  A gargoyle (D)
  A hornet (D)
  2 ballistomycete spores (D)
4 creatures vanquished.

Grand Total: 81 creatures vanquished

Notes
Turn   | Place    | Note
-------+----------+-------------------------------------------
     0 | D        | jesuscristo the Minotaur Berserker began the quest for the
                  | Orb.
     0 | D        | Reached XP level 1. HP: 19/19 MP: 0/0
     1 | D        | Noticed Ijyb
     7 | D        | Killed Ijyb
     7 | D        | Reached skill level 7 in Axes
     7 | D        | Reached XP level 2. HP: 26/26 MP: 1/1
    49 | D        | Noticed an ogre
    56 | D        | Killed an ogre
    56 | D        | Reached skill level 9 in Axes
    56 | D        | Reached XP level 3. HP: 22/38 MP: 2/2
    56 | D        | Reached XP level 4. HP: 26/45 MP: 3/3
   227 | D        | Noticed Sigmund
   233 | D        | Killed Sigmund
   233 | D        | Reached ** piety under Trog
   233 | D        | Reached skill level 11 in Axes
   233 | D        | Reached XP level 5. HP: 57/57 MP: 4/4
   288 | D        | Found an ornate altar of the Wu Jian Council.
   288 | D        | Found a shimmering blue altar of Sif Muna.
   290 | D        | Found a radiant altar of Vehumet.
   293 | D        | Reached skill level 12 in Axes
   293 | D        | Reached XP level 6. HP: 66/66 MP: 5/5
   330 | D        | Found a viscous altar of Jiyva.
   330 | D        | Found a corrupted altar of Lugonu.
   330 | D        | Noticed a slime creature
   331 | D        | Found a burning altar of Makhleb.
   331 | D        | Found a shimmering altar of Xom.
   335 | D        | Killed a slime creature
   335 | D        | Reached skill level 13 in Axes
   389 | D        | Found Vuihiuh's Armour Emporium.
   389 | D        | Found an ancient bone altar of Kikubaaqudgha.
   389 | D        | Found a hazy altar of Hepliaklqana.
   389 | D        | Found a hide-covered altar of Uskayaw.
   389 | D        | Found a basalt altar of Yredelemnul.
   389 | D        | Found an opulent altar of Gozag.
   389 | D        | Found a snail-covered altar of Cheibriados.
   389 | D        | Found a sacrificial altar of Ru.
   389 | D        | Found a shadowy altar of Dithmenos.
   389 | D        | Noticed a yak
   398 | D        | Killed a yak
   398 | D        | Reached *** piety under Trog
   398 | D        | Reached skill level 14 in Axes
   398 | D        | Reached XP level 7. HP: 62/75 MP: 6/6
   399 | D        | Found a stormy altar of Qazlal.
   399 | D        | Found a blossoming altar of Fedhas.
   399 | D        | Found a bloodstained altar of Trog.
   399 | D        | Found an iron altar of Okawaru.
   399 | D        | Found a glowing golden altar of the Shining One.
   399 | D        | Found a glowing silver altar of Zin.
   399 | D        | Found a white marble altar of Elyvilon.
   429 | D        | Found a sparkling altar of Nemelex Xobeh.
   575 | D        | Bought a +0 plate armour of fire resistance for 390 gold
                  | pieces
   577 | D        | Killed a gargoyle
   602 | D        | Noticed a kobold demonologist
   604 | D        | Noticed a kobold demonologist
   605 | D        | Noticed a soul eater
   615 | D        | Killed a kobold demonologist
   618 | D        | Killed a kobold demonologist
   618 | D        | Reached **** piety under Trog
   618 | D        | Reached skill level 15 in Axes
   618 | D        | Reached skill level 5 in Dodging
   618 | D        | Reached XP level 8. HP: 86/86 MP: 7/7
   660 | D        | Noticed a demonic crawler
   660 | D        | Noticed a demonic crawler
   660 | D        | Noticed a demonic crawler
   660 | D        | Noticed a demonic crawler
   666 | D        | Killed a demonic crawler
   673 | D        | Killed a demonic crawler
   673 | D        | Reached skill level 16 in Axes
   673 | D        | Reached skill level 5 in Armour
   678 | D        | Killed a demonic crawler
   678 | D        | Reached ***** piety under Trog
   678 | D        | Reached XP level 9. HP: 65/96 MP: 8/8
   682 | D        | Killed a demonic crawler
   682 | D        | Reached skill level 15 in Fighting
   907 | D        | Noticed a lindwurm
   918 | D        | Killed a lindwurm
   918 | D        | Reached skill level 10 in Armour
   952 | D        | Noticed Sonja
   961 | D        | Killed Sonja
  1249 | D        | Found Xedynuwk's Book Boutique.
  1271 | D        | Noticed a deep troll
  1277 | D        | Killed a deep troll
  1287 | D        | Found Agiargh's Armour Emporium.
  1292 | D        | Bought a +1 hat of see invisible for 224 gold pieces
  1363 | D        | Noticed a centaur warrior
  1377 | D        | Killed a centaur warrior
  1377 | D        | Reached XP level 10. HP: 94/105 MP: 9/9
  1382 | D        | Noticed a centaur warrior
  1390 | D        | Reached skill level 10 in Dodging
  1392 | D        | Noticed an oklob plant
  1396 | D        | Killed a centaur warrior
  1396 | D        | Reached skill level 15 in Armour
  1532 | D        | Killed an oklob plant
  1544 | D        | Reached skill level 5 in Throwing
  1793 | D        | Reached ****** piety under Trog
  2008 | D        | Noticed an unseen horror
  2016 | D        | Killed an unseen horror
  2016 | D        | Reached skill level 17 in Axes
  2018 | D        | Noticed an unseen horror
  2027 | D        | Killed an unseen horror
  2027 | D        | Received a gift from Trog
  2177 | D        | Reached skill level 18 in Axes
  2183 | D        | Received a gift from Trog
  2186 | D        | Reached XP level 11. HP: 112/112 MP: 10/10
  2221 | D        | Found Tinuz's General Store.
  2221 | D        | Found Qoxi's Antique Weapon Shop.
  2221 | D        | Found Magook's Weapon Boutique.
  2223 | D        | Found Vurch's Magic Scroll Emporium.
  2223 | D        | Found Pumaqesi's Book Shop.
  2223 | D        | Found Laseuc's Weapon Shoppe.
  2223 | D        | Found Xacoih's Armour Boutique.
  2223 | D        | Found Qiuc's Armour Emporium.
  2223 | D        | Found Temocvae's Antique Weapon Shop.
  2223 | D        | Found Odeuxt's Assorted Antiques.
  2227 | D        | Found Miosm's Distillery.
  2228 | D        | Bought a scroll of magic mapping for 42 gold pieces
  2229 | D        | Found Hehaoruff's Magic Scroll Emporium.
  2229 | D        | Found Puahar Leji's Magic Scroll Boutique.
  2230 | D        | Found Cugaxa Mulya's Gadget Emporium.
  2249 | D        | Bought a +2 broad axe of electrocution for 242 gold pieces
  2262 | D        | Bought a condenser vane (2/2) for 260 gold pieces
  2264 | D        | Bought a potion of heal wounds for 50 gold pieces
  2268 | D        | Bought a +0 cloak for 49 gold pieces
  2317 | D        | Bought a +0 pair of gloves for 58 gold pieces
  2640 | D        | Received a gift from Trog
  2645 | D        | Reached skill level 19 in Axes
  2662 | D        | Received a gift from Trog
  2732 | D        | Noticed a 12-headed hydra
  2734 | D        | Killed an 11-headed hydra
  2734 | D        | Reached skill level 20 in Axes
  2735 | D        | Paralysed by a floating eye for 2 turns
  2867 | D        | Noticed a deep elf annihilator
  2868 | D        | Received a gift from Trog
  2878 | D        | Got a slimy battleaxe {god gift}
  2879 | D        | Identified the +8 battleaxe "Peem" {vorpal, +Fly rN++ Int+8
                  | Dex-5} (Trog gifted it to you in the Dungeon)
  2949 | D        | Noticed a shadow dragon
  2949 | D        | Noticed a golden dragon
  2960 | D        | Killed a shadow dragon
  3128 | D        | Killed a golden dragon
  3128 | D        | Reached skill level 22 in Axes
  3128 | D        | Reached XP level 12. HP: 119/119 MP: 11/11
  3281 | D        | Found Jeycitu's Magic Scroll Shoppe.
  3383 | D        | Bought a +4 plate armour of cold resistance for 700 gold
                  | pieces
  3414 | D        | Bought a wand of digging (6) for 260 gold pieces
  3471 | D        | Noticed a lorocyproca
  3478 | D        | Killed a lorocyproca
  3478 | D        | Reached skill level 15 in Dodging
  3643 | D        | Noticed a daeva
  3658 | D        | Killed a daeva
  3658 | D        | Reached skill level 23 in Axes
  3997 | D        | Received a gift from Trog
  3997 | D        | Reached skill level 1 in Evocations
  4000 | D        | Reached skill level 24 in Axes
  4057 | D        | Noticed a fire giant
  4075 | D        | Killed a fire giant
  4173 | D        | Noticed a fire giant
  4173 | D        | Noticed a fire giant
  4174 | D        | Noticed a fire giant
  4197 | D        | Killed a fire giant
  4197 | D        | Received a gift from Trog
  4197 | D        | Reached skill level 25 in Axes
  4215 | D        | Killed a fire giant
  4224 | D        | Killed a fire giant
  4598 | D        | Identified the +4 dragonskin cloak
  4598 | D        | Noticed Tiamat
  4656 | D        | Noticed a mummy priest
  4662 | D        | Killed a deep elf annihilator
  4662 | D        | Reached skill level 26 in Axes
  4904 | D        | Killed a mummy priest
  4904 | D        | Reached XP level 13. HP: 126/126 MP: 12/12
  4938 | D        | Noticed the 27-headed Lernaean hydra
  4943 | D        | HP: 3/126 [the 27-headed Lernaean hydra (7)]
  4943 | D        | Mangled by the 27-headed Lernaean hydra

Illustrated notes

Levels and vault maps discovered:
D:        dungeon_sprint_1 [red_sonja_temple_1, red_sonja_temple_small_1]

Skill      XL: |  1  2  3  4  5  6  7  8  9 10 11 12 |
---------------+-------------------------------------+-----
Axes           | 7 9 11 12 14 15 16 18 22 26 | 26.0
Fighting       | 6 9 11 13 14 15 | 15.0
Dodging        | 3 5 6 9 11 14 15 | 15.0
Armour         | 4 6 14 15 | 15.0
Throwing       | 6 |  6.0
Evocations     | 6 |  6.5

Action                   |  1- 3 |  4- 6 |  7- 9 | 10-12 | 13-15 || total
-------------------------+-------+-------+-------+-------+-------++-------
Melee: Hand axe          |    11 |    15 |    60 |    63 |       ||   149
       Headbutt          |     2 |     1 |    14 |    50 |       ||    67
       Broad axe         |       |       |       |    29 |       ||    29
       Battleaxe         |       |       |       |    74 |     1 ||    75
       War axe           |       |       |       |    17 |       ||    17
       Executioner's axe |       |       |       |     8 |       ||     8
Throw: Dart              |       |       |     2 |    13 |       ||    15
Invok: Berserk           |     2 |     4 |     5 |    13 |       ||    24
       Brothers in Arms  |       |       |       |     1 |     1 ||     2
       Trog's Hand       |       |       |       |     1 |       ||     1
 Abil: Evoke Flight      |       |       |       |     1 |       ||     1
Evoke: Wand              |       |       |       |     3 |       ||     3
       Condenser vane    |       |       |       |     1 |       ||     1
  Use: Scroll            |       |       |     2 |     8 |       ||    10
       Potion            |       |       |       |     5 |     1 ||     6
 Stab: Sleeping          |       |       |       |     2 |       ||     2
Armor: Plate armour      |       |       |    34 |    77 |    26 ||   137
       Shadow dragon sca |       |       |       |     6 |       ||     6
Dodge: Dodged            |     5 |     6 |    32 |    82 |    11 ||   136

Table legend: (Time is in decaauts)
 A = Elapsed time spent in this place.
 B = Non-inter-level travel time spent in this place.
 C = Inter-level travel time spent in this place.
 D = Time resting spent in this place.
 E = Time spent auto-exploring this place.
 F = Levels seen in this place.
 G = Mean time per level.
                   A        B        C        D        E       F      G
               +--------+--------+--------+--------+--------+-----+--------+
         Total |   5073 |   4753 |    320 |   3149 |     12 |   1 | 5073.0 |
       Dungeon |   5073 |   4753 |    320 |   3149 |     12 |   1 | 5073.0 |
               +--------+--------+--------+--------+--------+-----+--------+

Top non-repeatable levels by time:
       D: 5073 daAuts
